 Dungeon Crawl Stone Soup version 0.26.0-10-g1f06aea511 (webtiles) character file.

Game seed: 18008652551119757600

1570 tsouns the Martial Artist (level 8, 0/65 HPs)
             Began as a Demonspawn Monk on Jan 14, 2021.
             Slain by an orc warrior
             ... wielding a +0 scimitar
              (20 damage)
             ... on level 6 of the Dungeon.
             The game lasted 00:11:54 (6204 turns).

tsouns the Martial Artist (Demonspawn Monk)         Turns: 6204, Time: 00:11:55

Health: 0/65       AC: 13    Str: 11    XL:     8   Next: 59%
Magic:  8/8        EV:  5    Int: 13    God:
Gold:   398        SH:  5    Dex: 29    Spells: 7/7 levels left

rFire    . . .     SeeInvis .     - Unarmed
rCold    . . .     Faith    +   i - +0 buckler (curse)
rNeg     . . .     Spirit   .   m - +3 chain mail
rPois    .         Reflect  .   n - +0 hat
rElec    .         Harm     .   j - +1 cloak
rCorr    .         Rampage  .   (no gloves)
Will     .....                  (no boots)
Stlth    +.........             t - amulet of faith
HPRegen  0.20/turn              d - +6 ring of dexterity
MPRegen  0.11/turn              x - ring "Qaith" {+Inv Dex+6 Slay-2 Stlth+}

@: lethally poisoned (0 -> -8)
A: hooves 1, powered by death 1, powered by pain 1
a: Evoke Invisibility


You were on level 6 of the Dungeon.
You visited 1 branch of the dungeon, and saw 6 of its levels.
You also visited: Sewer.

You collected 398 gold pieces.

Inventory:

Missiles
 g - 40 poisoned darts (quivered)
 k - 10 boomerangs
Armour
 i - a cursed +0 buckler (worn)
 j - a +1 cloak (worn)
 m - a +3 chain mail (worn)
 n - a +0 hat (worn)
Jewellery
 d - a +6 ring of dexterity (left hand)
 o - an uncursed ring of see invisible
 t - an amulet of faith (around neck)
 w - an uncursed ring of wizardry
 x - the ring "Qaith" (right hand) {+Inv Dex+6 Slay-2 Stlth+}
   (You found it on level 4 of the Dungeon)

   [ring of stealth]

   It affects your dexterity (+6).
   It affects your accuracy and damage with ranged weapons and melee attacks
   (-2).
   It lets you turn invisible.
   It makes you more stealthy.
 C - an uncursed ring of protection from fire
Wands
 a - a wand of polymorph (11)
 f - a wand of iceblast (15)
 y - a wand of acid (13)
 z - a wand of paralysis (9)
Scrolls
 c - 2 scrolls of remove curse
 e - 3 scrolls of enchant armour
 p - 2 scrolls of amnesia
 r - a scroll of fear
Potions
 b - a potion of might
 h - 4 potions of curing
 l - 2 potions of flight
 q - 2 potions of brilliance
 s - 2 potions of cancellation
 v - a potion of ambrosia
 B - a potion of magic
 D - a potion of invisibility


   Skills:
 + Level 6.9 Fighting
 + Level 0.2 Armour
 - Level 2.6 Dodging
 - Level 1.7 Stealth
 * Level 8.6 Unarmed Combat


You had 7 spell levels left.
You didn't know any spells.
Your spell library was empty.

Dungeon Overview and Level Annotations

Branches:
Dungeon (6/15)              Sewer (visited)
 Temple: D:4-7

Altars:
Fedhas
Trog


Innate Abilities, Weirdness & Mutations

You have large cloven feet.
You regenerate a little health from kills.
You sometimes gain a little power by taking damage.


Message History

Evoke which item? (* to show all) (? for menu, Esc to quit)
Aiming: Corrosive Bolt
Press: ? - help, Shift-Dir - straight line, f - orc
Aim: an orc, wielding a +0 trident of venom (29% to evade)
The bolt of acid hits the orc warrior!
The orc warrior is splashed with acid.
The orc warrior is severely wounded.
The bolt of acid hits the orc!
The orc is splashed with acid.
The acid corrodes the orc!
You kill the orc!
The bolt of acid misses the orc.
You feel sick.
You hear an angry hiss.
An iguana comes into view.
The orc warrior hits you with a +0 scimitar!
Unknown command.
You feel sick.
Things that are here:
a +0 dagger; a +0 robe You feel sick.
The orc warrior hits you with a +0 scimitar!!
You die...

#.## #.#
########.########>##
..#...............>...
##
.............######.##
..#
######....#.######..#
...# #..##.#..........
...##
##.###.########### ...
#..# #.. # #.##@##
##.! # #?lo)# ##! #
####o.## ## # #..).##
# #)#### . #). # ...#
# .... #....#


You could see an orc warrior, an iguana and an orc.

Vanquished Creatures
  Menkaure (D:4)
  An ice beast (D:6)
  2 ogres
  A phantom (D:5)
  2 bullfrogs (D:6)
  3 scorpions
  A quasit (D:2)
  3 orc priests
  2 hounds
  Crazy Yiuf (D:3)
  A bullfrog skeleton (D:5)
  3 iguanas (D:5)
  6 orc wizards
  Natasha (twice) (D:2)
  3 worker ants
  A killer bee zombie (D:6)
  11 adders
  2 oozes
  2 adder skeletons (D:4)
  2 worms (D:5)
  A dart slug (D:4)
  5 leopard geckos
  18 orcs
  7 giant cockroaches
  6 goblins
  3 hobgoblins
  9 jackals
  3 quokkas
  2 bats (D:3)
  8 frilled lizards
  10 kobolds
  10 rats
132 creatures vanquished.

Vanquished Creatures (others)
  A quokka (D:6)
  8 fungi (D:4)
  24 plants
33 creatures vanquished.

Grand Total: 165 creatures vanquished

Notes
Turn   | Place    | Note
-------+----------+-------------------------------------------
     0 | D:1      | tsouns the Demonspawn Monk began the quest for the Orb.
     0 | D:1      | Reached XP level 1. HP: 18/18 MP: 1/1
   174 | D:1      | Reached skill level 3 in Unarmed Combat
   295 | D:1      | Gained mutation: You sometimes gain a little power by
                  | taking damage. [demonic ancestry]
   295 | D:1      | Reached XP level 2. HP: 24/24 MP: 2/2
  1268 | D:2      | Reached XP level 3. HP: 29/29 MP: 3/3
  1449 | D:2      | Reached skill level 4 in Unarmed Combat
  1451 | D:2      | Reached XP level 4. HP: 26/37 MP: 4/4
  1462 | D:2      | Found a bloodstained altar of Trog.
  1582 | D:2      | Noticed Natasha
  1592 | D:2      | Killed Natasha
  1653 | D:2      | Noticed Natasha
  1661 | D:2      | Killed Natasha
  2397 | D:3      | Gained mutation: You regenerate a little health from kills.
                  | [demonic ancestry]
  2397 | D:3      | Reached XP level 5. HP: 42/42 MP: 5/5
  2559 | D:3      | Found a runed translucent door.
  2560 | D:3      | Noticed Crazy Yiuf
  2576 | D:3      | Killed Crazy Yiuf
  2735 | D:3      | Reached skill level 5 in Unarmed Combat
  3210 | D:4      | Gained mutation: You have large cloven feet. [demonic
                  | ancestry]
  3210 | D:4      | Reached XP level 6. HP: 44/49 MP: 6/6
  3278 | D:4      | Noticed Menkaure
  3290 | D:4      | Killed Menkaure
  3406 | D:4      | Reached skill level 5 in Fighting
  3406 | D:4      | Reached skill level 6 in Unarmed Combat
  3530 | D:4      | Found a blossoming altar of Fedhas.
  3669 | D:4      | Reached XP level 7. HP: 56/56 MP: 7/7
  4169 | D:4      | Got a vibrating copper ring
  4171 | D:4      | Identified the ring "Qaith" {+Inv Dex+6 Slay-2 Stlth+} (You
                  | found it on level 4 of the Dungeon)
  4322 | D:5      | Entered Level 5 of the Dungeon
  4448 | D:5      | Reached skill level 7 in Unarmed Combat
  4724 | D:5      | Found a glowing drain.
  4728 | Sewer    | Entered a sewer
  5453 | D:5      | Reached XP level 8. HP: 60/64 MP: 8/8
  5911 | D:6      | Reached skill level 8 in Unarmed Combat
  6204 | D:6      | Slain by an orc warrior

Illustrated notes

Levels and vault maps discovered:
D:1:      lemuel_arrival_muddy, layout_basic
D:2:      layout_rooms, lightli_temple_of_fire, uniq_natasha
D:3:      layout_loops_ring, uniq_crazy_yiuf_cottage
D:4:      layout_basic, fedhas_altar_3, uniq_menkaure
D:5:      layout_rooms, gup_sewer_entry_spiral, lemuel_flamethrower_2
D:6:      layout_rooms, lemuel_round_altar, basic_altar, serial_shops, shop,
          lemuel_flamethrower_1, uniq_prince_ribbit1

Skill      XL: |  1  2  3  4  5  6  7  8 |
---------------+-------------------------+-----
Unarmed Combat | 3 4 5 6 7 8 |  8.6
Fighting       | 4 5 6 |  6.9
Armour         | |  0.2
Dodging        | |  2.6
Stealth        | |  1.7

Action                   |  1- 3 |  4- 6 |  7- 9 || total
-------------------------+-------+-------+-------++-------
Melee: Unarmed           |   120 |   195 |   299 ||   614
       Punch             |     2 |     1 |       ||     3
       Kick              |       |    18 |   125 ||   143
Throw: Dart              |       |       |     6 ||     6
Evoke: Wand              |       |       |     3 ||     3
  Use: Potion            |     3 |     3 |       ||     6
       Scroll            |     5 |     5 |     8 ||    18
 Stab: Distracted        |       |     1 |       ||     1
       Sleeping          |       |     1 |       ||     1
       Paralysed         |       |       |     4 ||     4
Armor: Robe              |     3 |       |       ||     3
       Scale mail        |    73 |    76 |    10 ||   159
       Chain mail        |       |       |   108 ||   108
Dodge: Dodged            |    70 |    61 |    59 ||   190
Block: Buckler           |       |    30 |    53 ||    83
